 Dungeon Crawl Stone Soup version 0.30.1-9-gdf580d7c3d (webtiles) character file.

Game seed: 14034975966688609429

35 booth the Grave Robber (level 3, -3/24 HPs)
             Began as a Demonspawn Necromancer on Oct 2, 2023.
             Killed from afar by Sigmund (5 damage)
             ... with a puff of flame
             ... on level 2 of the Dungeon.
             The game lasted 00:14:38 (1925 turns).

booth the Grave Robber (Demonspawn Necromancer)     Turns: 1925, Time: 00:14:38

Health: -3/24      AC:  4    Str:  8    XL:     3   Next: 16%
Magic:  1/6        EV: 13    Int: 18    God:
Gold:   115        SH:  0    Dex: 13    Spells: 2/6 levels left

rFire   + . .        k - +1 quarterstaff
rCold   . . .        (shield currently unavailable)
rNeg    . . .        g - +0 leather armour
rPois   .            (no helmet)
rElec   .            (no cloak)
rCorr   .            i - +0 pair of gloves of Fyussa {Will+}
SInv    .            (no boots)
Will    +....        (no amulet)
Stlth   ++           l - ring of protection from fire
HPRegen 0.24/turn    (no ring)
MPRegen 0.10/turn

%: no passive effects
@: very slightly contaminated
A: repulsion field 1
a: no special abilities


You were on level 2 of the Dungeon.
You visited 1 branch of the dungeon, and saw 2 of its levels.

You collected 115 gold pieces.

Inventory:

Hand Weapons
 c - a +0 mace
 e - a +0 hand axe
 k - a +1 quarterstaff (weapon)
Armour
 a - a +0 robe
 g - a +0 leather armour (worn)
 i - the +0 pair of gloves of Fyussa (worn) {Will+}
   (You found it on level 2 of the Dungeon)

   Will:      It increases your willpower.
Jewellery
 l - a ring of protection from fire (left hand)
Scrolls
 f - a scroll of teleportation {unknown}
Potions
 d - a potion of lignification
 h - a potion of resistance {unknown}
 j - a potion of heal wounds
 m - a potion of curing {unknown}
 n - a potion of flight {unknown}


   Skills:
 + Level 0.3 Fighting
 + Level 0.2 Staves
 + Level 2.1 Dodging
 + Level 2.2 Stealth
 + Level 2.3 Spellcasting
 * Level 4.8 Necromancy


You had 2 spell levels left.
You knew the following spells:

 Your Spells              Type           Power      Damage    Failure   Level
a - Necrotise             Necr           76%        1d7       3%          1
b - Vampiric Draining     Necr           19%        2d7       11%         3

Your spell library contained the following spells:

 Spells                   Type           Power      Damage    Failure   Level
 Animate Dead             Necr           19%        N/A       34%         4
 Gell's Gravitas          Tloc           2%         N/A       61%         3
 Teleport Other           Tloc           2%         N/A       61%         3
 Agony                    Necr           19%        N/A       67%         5
 Dispersal                Tloc           1%         N/A       100%        6


Dungeon Overview and Level Annotations

Branches:
Dungeon (2/15)

Altars:
Ru

Annotations:
D:2 Sigmund


Innate Abilities, Weirdness & Mutations

You are surrounded by a mild repulsion field. (EV +2)


Message History

Casting: Necrotise (safe; 3% risk of failure)
Confirm with . or Enter, or press ? or * to list all spells.
The spell is quite dangerous to miscast (11% risk of failure)!
Continue anyway?
Aiming: Vampiric Draining (quite dangerous; 11% risk of failure)
Press: ? - help, Shift-Dir - straight line, f/p - Sigmund
Aim: Sigmund, wielding a +0 scythe and wearing a +0 robe (moderately wounded)
You draw life force from Sigmund!
You feel life coursing into your body. Sigmund hits you with a +0 scythe!
Casting: Vampiric Draining (quite dangerous; 11% risk of failure)
Confirm with . or Enter, or press ? or * to list all spells.
Aiming: Necrotise (safe; 3% risk of failure)
Press: ? - help, Shift-Dir - straight line, f/p - Sigmund
Aim: Sigmund, wielding a +0 scythe and wearing a +0 robe (severely wounded, chance to affect: 84%)
You miscast Necrotise.
You are very lightly contaminated with residual magic.
Nothing appears to happen.
You hit Sigmund.
Sigmund is almost dead.
Sigmund points at you and mumbles some strange words.
The puff of flame hits you. You resist.
Sigmund casts a spell.
Sigmund flickers and vanishes!
Deactivating autopickup; reactivate with Ctrl-A.
You miss something.
You hear some strange, mumbled words.
A puff of flame appears from out of thin air!
The puff of flame hits you. You resist.
You closely miss something. Something hits you!
* * * LOW HITPOINT WARNING * * *
Casting: Necrotise (safe; 3% risk of failure)
Confirm with . or Enter, or press ? or * to list all spells.
You don't have enough magic to cast this spell.
Unknown command.
Something barely misses you.
A magic dart appears from out of thin air!
The magic dart hits you.
* * * LOW HITPOINT WARNING * * *
A puff of flame appears from out of thin air!
The puff of flame hits you. You resist.
You die...

#......# #....#.# ..#
##.....# ..#
#...#########..# #...#
#........# ########...#
#....[...# #......'...+
+........#
##†#####..{###......#
#.#..........@....######
###
#.#.############.......#
#.# #.#.# #######
#..####.###.### #.#.#
#...w.# #..#..#........
##.#.# #.###.#
#..#..#####.### #....#
#.#...# #.............#
######
#.#.#####...#.......#.#
#.#..........#.######.#
#.#.......#....# #.#


There were no monsters in sight!

Vanquished Creatures
  A worm (D:2)
  4 bats
  3 endoplasms (D:2)
  3 goblins
  6 hobgoblins
  3 kobolds (D:1)
  3 ball pythons
  3 frilled lizards
  A rat (D:2)
27 creatures vanquished.

Vanquished Creatures (collateral kills)
  A ball python (D:1)
  A frilled lizard (D:2)
2 creatures vanquished.

Grand Total: 29 creatures vanquished

Notes
Turn   | Place    | Note
-------+----------+-------------------------------------------
     0 | D:1      | booth the Demonspawn Necromancer began the quest for the
                  | Orb.
     0 | D:1      | Reached XP level 1. HP: 13/13 MP: 3/3
   399 | D:1      | Gained mutation: You are surrounded by a mild repulsion
                  | field. (EV +2) [demonic ancestry]
   399 | D:1      | Reached XP level 2. HP: 19/19 MP: 3/5
  1462 | D:2      | Identified the +0 pair of gloves of Fyussa {Will+}
  1640 | D:2      | Reached XP level 3. HP: 24/24 MP: 0/6
  1647 | D:2      | Learned a level 3 spell: Vampiric Draining
  1861 | D:2      | Found a sacrificial altar of Ru.
  1909 | D:2      | Noticed Sigmund
  1925 | D:2      | Killed from afar by Sigmund

Illustrated notes

Levels and vault maps discovered:
D:1:      psy_arrival_conway, layout_basic
D:2:      layout_basic, basic_altar, minmay_misc_feat_four_crosses,
          uniq_crazy_yiuf_cottage, uniq_sigmund

Skill      XL: |  1  2 |
---------------+-------+-----
Stealth        | 2 |  2.2
Dodging        | 2 |  2.1
Fighting       | |  0.3
Staves         | |  0.2
Spellcasting   | |  2.3
Necromancy     | |  4.8

Action                     || total
---------------------------++-------
  Melee: Mace              ||    11
         Unarmed           ||     1
         Quarterstaff      ||    36
   Cast: Necrotise         ||    44
         Vampiric Draining ||     1
    Use: Scroll            ||     3
         Potion            ||     3
 Armour: Leather armour    ||     9
  Dodge: Dodged            ||    33
